 Dungeon Crawl Stone Soup version 0.18-a0-1805-g8ab820f (webtiles) character file.

39 inmateoo the Ruffian (level 3, 0/31 HPs)
             Began as a Troll Summoner on Apr 26, 2016.
             Slain by Sigmund
             ... wielding a +0 scythe
              (10 damage)
             ... on level 2 of the Dungeon.
             The game lasted 00:01:07 (784 turns).

inmateoo the Ruffian (Troll Summoner)                Turns: 784, Time: 00:01:08

Health: 0/31       AC:  5    Str: 17    XL:     3   Next: 26%
Magic:  3/3        EV:  9    Int: 11    God:
Gold:   39         SH:  0    Dex: 10    Spells: 1 memorised, 3 levels left

rFire  . . .     SeeInvis .       - Unarmed
rCold  . . .     Gourm    +     a - +0 robe
rNeg   . . .     Faith    .     (no shield)
rPois  .         Spirit   .     (helmet restricted)
rElec  .         Dismiss  .     (no cloak)
rCorr  .         Reflect  .     (gloves unavailable)
SustAt .         Harm     .     (boots unavailable)
MR     .....                    (no amulet)
Stlth  +.........               (no ring)
                                (no ring)

@: flying, not resistant to hostile enchantments, very unstealthy
A: unfitting armour, claws 3, fast metabolism 3, gourmand, regeneration 2,
shaggy fur 1, tough skin 2
a: no special abilities


You were on level 2 of the Dungeon.
You were not hungry.

You visited 1 branch of the dungeon, and saw 2 of its levels.

You collected 39 gold pieces.

Inventory:

Armour
 a - a +0 robe (worn)
Books
 b - a book of Callings

   Spells                             Type                      Level
   a - Summon Small Mammal            Summoning                    1
   b - Call Imp                       Summoning                    2
   c - Call Canine Familiar           Summoning                    3
   d - Summon Guardian Golem          Hexes/Summoning              3
   e - Summon Lightning Spire         Summoning/Air                4
   f - Summon Ice Beast               Ice/Summoning                4
Comestibles
 c - 2 bread rations


   Skills:
 - Level 1.5 Dodging
 - Level 1.1 Stealth
 * Level 3.0 Unarmed Combat
 - Level 1.2 Spellcasting
 - Level 2.9 Summonings


You had 3 spell levels left.
You knew the following spells:

 Your Spells              Type           Power        Failure   Level  Hunger
a - Summon Small Mammal   Summ           #...         12%         1    ##.....


Dungeon Overview and Level Annotations

Branches:
Dungeon (2/15)

Altars:

Annotations:
D:2 Sigmund


Innate Abilities, Weirdness & Mutations

You are too large for most types of armour.
You have claws for hands.
Your metabolism is lightning-fast.
You like to eat raw meat.
You heal very quickly.
You are covered in fur (AC +1).
You have very tough skin (AC +2).


Message History

You are too injured to fight recklessly!
Unknown command.
Drink which item? (? for menu, Esc to quit)
It was a potion of flight.
You feel very buoyant.
You fly up into the air.
The goblin closely misses you.
Unknown command.
Unknown command.
Drink which item? (? for menu, Esc to quit)
You don't have any such object.
Drink which item? (? for menu, Esc to quit)
Okay, then.
Drink which item? (? for menu, Esc to quit)
It was a potion of curing.
You feel better. The goblin closely misses you. Something hits you!
* * * LOW HITPOINT WARNING * * *
Unknown command.
Unknown command.
Something hits you!
You die...

# ..... #.#.# .#
#. #.#.####.#<#
.# +..
#........###
#...###.#....#
.....#.#.##.#
.####......#.#
........####.#
...#.....{...#
#.......@#####
.......#..g....#
#.##...#.......#
..
.....#.......# .
#.##..#.......#
#. #!.#.......#
# #..#.......#
#.......#
#.......#


You could see a goblin.

Vanquished Creatures
  An ooze (D:1)
  2 dart slugs (D:1)
  2 giant cockroaches (D:1)
  A goblin (D:1)
  7 hobgoblins (D:1)
  4 jackals (D:1)
  A bat (D:1)
  3 giant newts
  5 kobolds (D:1)
  2 rats (D:1)
28 creatures vanquished.

Notes
Turn   | Place    | Note
--------------------------------------------------------------
     0 | D:1      | inmateoo the Troll Summoner began the quest for the Orb.
     0 | D:1      | Reached XP level 1. HP: 16/16 MP: 1/1
    87 | D:1      | Reached skill level 1 in Unarmed Combat
   124 | D:1      | Reached XP level 2. HP: 24/24 MP: 2/2
   253 | D:1      | Reached skill level 2 in Unarmed Combat
   428 | D:1      | Reached XP level 3. HP: 29/31 MP: 3/3
   599 | D:1      | Reached skill level 3 in Unarmed Combat
   775 | D:2      | Noticed Sigmund
   784 | D:2      | Slain by Sigmund

Vault maps used:
D:1:      saegor_arrival_simple_c, st_stairs_4
D:2:      lemuel_upstairs_altar, uniq_iyjb, uniq_sigmund

Skill      XL: |  1  2  3 |
---------------+----------+-----
Unarmed Combat | 1 2 3 |  3.0
Dodging        | |  1.5
Stealth        | |  1.1
Spellcasting   | |  1.2
Summonings     | |  2.9

Action                   || total
-------------------------++-------
Melee: Unarmed           ||    88
  Use: Scroll            ||     3
       Potion            ||     2
 Stab: Sleeping          ||     2
  Eat: Chunk             ||     7
Armor: Robe              ||    42
Dodge: Dodged            ||    46
